A+ - U26
RANCHO CUCAMONGA RATTLERS @ MODESTO NUTS
04/28/2053
 
TOP OF THE 1ST
Stockton Ports batting - Pitching for High Desert Mavericks : LHP Pacho Balderrama
Pitching: LHP Pacho Balderrama
Batting: LHB Cody Patterson 0-0: Ball
1-0: Fly out, F7 (Flyball, 78D, EV 95.6 MPH)
Batting: RHB T.J. Nieves 0-0: Ball
1-0: Called Strike
1-1: Swinging Strike
1-2: Foul Ball, location: 2F
1-2: Strikes out swinging
Batting: RHB Chip Hunt 0-0: Ball
1-0: Swinging Strike
1-1: Swinging Strike
1-2: Strikes out swinging
Top of the 1st over - 0 runs, 0 hits, 0 errors, 0 left on base; Stockton 0 - High Desert 0
BOTTOM OF THE 1ST
High Desert Mavericks batting - Pitching for Stockton Ports : LHP Nereus Flores
Pitching: LHP Nereus Flores
Batting: LHB J.F. Brown 0-0: Ball
1-0: Ball
2-0: Ball
3-0: Base on Balls
Batting: SHB Carlton De Stefano 0-0: Ball
1-0: Ball
2-0: Called Strike
2-1: Foul Ball, location: 2F
2-2: Foul Ball, location: 2F
2-2: Ball
3-2: 2-RUN HOME RUN (Flyball, 7LD, EV 91.2 MPH), Distance : 347 ft
Batting: RHB Alexis Prieto 0-0: Called Strike
0-1: Foul Ball, location: 2F
0-2: Foul Ball, location: 2F
0-2: Ground out 4-3 (Groundball, 4, EV 84.4 MPH)
Batting: RHB Jake Gabri 0-0: SINGLE (Groundball, 6MD, EV 96.9 MPH)
Batting: RHB Gunner Jung 0-0: Foul Ball, location: 2F
0-1: Ball
1-1: Foul Ball, location: 2F
1-2: Strikes out swinging
Batting: SHB Terry Word 0-0: Ball
1-0: Swinging Strike
1-1: Foul Ball, location: 2F
1-2: Ball
2-2: Ball
3-2: Ground out 6-3 (Groundball, 6, EV 85.0 MPH)
Bottom of the 1st over - 2 runs, 2 hits, 0 errors, 1 left on base; Stockton 0 - High Desert 2
TOP OF THE 2ND
Stockton Ports batting - Pitching for High Desert Mavericks : LHP Pacho Balderrama
Batting: LHB Wilfri Morillo 0-0: Ball
1-0: Ball
2-0: Swinging Strike
2-1: SOLO HOME RUN (Flyball, 9LD, EV 93.8 MPH), Distance : 334 ft
Batting: RHB Mitch Szarek 0-0: Called Strike
0-1: Ball
1-1: Foul Ball, location: 2F
1-2: Strikes out swinging
Batting: RHB Ruben Hamilton 0-0: Called Strike
0-1: Ball
1-1: Foul Ball, location: 2F
1-2: Foul Ball, location: 2F
1-2: Strikes out swinging
Batting: RHB D.J. Escobar 0-0: Called Strike
0-1: Foul Ball, location: 2F
0-2: Ground out 6-3 (Groundball, 6, EV 97.5 MPH)
Top of the 2nd over - 1 run, 1 hit, 0 errors, 0 left on base; Stockton 1 - High Desert 2
BOTTOM OF THE 2ND
High Desert Mavericks batting - Pitching for Stockton Ports : LHP Nereus Flores
Batting: RHB Collin Richardson 0-0: Foul Ball, location: 2F
0-1: Foul Ball, location: 2F
0-2: Strikes out swinging
Batting: RHB Kris DiGiovanni 0-0: Ball
1-0: Foul Ball, location: 2F
1-1: Ball
2-1: SINGLE (Flyball, 4D, EV 94.4 MPH)
Batting: RHB Dan Vasques 0-0: Ball
1-0: Foul Ball, location: 2F
1-1: Ball
2-1: Ball
3-1: Foul Ball, location: 2F
3-2: Fielders Choice at 2nd, 4-6 (Groundball, 4, EV 83.1 MPH)
Batting: LHB J.F. Brown 0-0: Foul Ball, location: 2F
0-1: Ball
1-1: Reached on error, E6 (Groundball, 6, EV 90.0 MPH)
Dan Vasques to second
Batting: SHB Carlton De Stefano 0-0: Called Strike
0-1: DOUBLE (Groundball, 5L, EV 106.2 MPH)
Dan Vasques scores
J.F. Brown to third
Runner from 3rd tries for Home, SAFE, no throw by LF
Batting: RHB Alexis Prieto 0-0: Fly out, F8 (Line Drive, 8RD, EV 90.6 MPH)
Bottom of the 2nd over - 2 runs, 2 hits, 1 error, 1 left on base; Stockton 1 - High Desert 4
TOP OF THE 3RD
Stockton Ports batting - Pitching for High Desert Mavericks : LHP Pacho Balderrama
Batting: RHB Kyle Pearson 0-0: Ball
1-0: Foul Ball, location: 2F
1-1: Swinging Strike
1-2: Strikes out looking
Batting: RHB Ramón Herrera 0-0: Foul Ball, location: 2F
0-1: Called Strike
0-2: Ball
1-2: Ball
2-2: Foul Ball, location: 2F
2-2: Foul Ball, location: 2F
2-2: Strikes out swinging
Batting: LHB Cody Patterson 0-0: Ball
1-0: Swinging Strike
1-1: Ball
2-1: Foul Ball, location: 2F
2-2: Ball
3-2: Base on Balls
Batting: RHB T.J. Nieves 0-0: Swinging Strike
0-1: Ball
1-1: Ball
2-1: Ball
3-1: Swinging Strike
3-2: Strikes out swinging
Top of the 3rd over - 0 runs, 0 hits, 0 errors, 1 left on base; Stockton 1 - High Desert 4
BOTTOM OF THE 3RD
High Desert Mavericks batting - Pitching for Stockton Ports : LHP Nereus Flores
Batting: RHB Jake Gabri 0-0: Ball
1-0: Called Strike
1-1: Foul Ball, location: 2F
1-2: Ball
2-2: Strikes out looking
Batting: RHB Gunner Jung 0-0: Ball
1-0: Ball
2-0: Swinging Strike
2-1: Foul Ball, location: 2F
2-2: Strikes out swinging
Batting: SHB Terry Word 0-0: Ball
1-0: Foul Ball, location: 2F
1-1: Ball
2-1: Fly out, F8 (Flyball, 8RD, EV 103.1 MPH)
Bottom of the 3rd over - 0 runs, 0 hits, 0 errors, 0 left on base; Stockton 1 - High Desert 4
TOP OF THE 4TH
Stockton Ports batting - Pitching for High Desert Mavericks : LHP Pacho Balderrama
Batting: RHB Chip Hunt 0-0: Ball
1-0: Ball
2-0: Swinging Strike
2-1: Ball
3-1: Foul Ball, location: 2F
3-2: Foul Ball, location: 2F
3-2: Foul Ball, location: 2F
3-2: Base on Balls
Batting: LHB Wilfri Morillo 0-0: Foul Ball, location: 2F
0-1: Foul Ball, location: 2F
0-2: Fly out, F2 (Popup, 2LF, EV 88.8 MPH)
Batting: RHB Mitch Szarek 0-0: Ball
1-0: Called Strike
1-1: Ball
2-1: Ball
3-1: Swinging Strike
3-2: Strikes out swinging
Batting: RHB Ruben Hamilton 0-0: Ball
1-0: Ball
2-0: Ball
3-0: Called Strike
3-1: Base on Balls
Chip Hunt to second
Batting: RHB D.J. Escobar 0-0: Fly out, F2 (Popup, 25F, EV 90.0 MPH)
Top of the 4th over - 0 runs, 0 hits, 0 errors, 2 left on base; Stockton 1 - High Desert 4
BOTTOM OF THE 4TH
High Desert Mavericks batting - Pitching for Stockton Ports : LHP Nereus Flores
Batting: RHB Collin Richardson 0-0: Ball
1-0: Ball
2-0: Swinging Strike
2-1: Foul Ball, location: 2F
2-2: Strikes out looking
Batting: RHB Kris DiGiovanni 0-0: Ball
1-0: Ball
2-0: Fly out, F8 (Line Drive, 8RD, EV 94.4 MPH)
Batting: RHB Dan Vasques 0-0: Foul Ball, location: 2F
0-1: Foul Ball, location: 2F
0-2: Ground out U3 (Groundball, 3S, EV 83.8 MPH)
Bottom of the 4th over - 0 runs, 0 hits, 0 errors, 0 left on base; Stockton 1 - High Desert 4
TOP OF THE 5TH
Stockton Ports batting - Pitching for High Desert Mavericks : LHP Pacho Balderrama
Batting: RHB Kyle Pearson 0-0: Fly out, F9 (Flyball, 89M, EV 90.6 MPH)
Batting: RHB Ramón Herrera 0-0: Ball
1-0: Ball
2-0: Ball
3-0: Called Strike
3-1: Ground out 5-3 (Groundball, 5L, EV 105.0 MPH)
Batting: LHB Cody Patterson 0-0: Fly out, F8 (Flyball, 8LM, EV 91.9 MPH)
Top of the 5th over - 0 runs, 0 hits, 0 errors, 0 left on base; Stockton 1 - High Desert 4
BOTTOM OF THE 5TH
High Desert Mavericks batting - Pitching for Stockton Ports : LHP Nereus Flores
Batting: LHB J.F. Brown 0-0: Called Strike
0-1: Fly out, F8 (Line Drive, 8LD, EV 105.0 MPH)
Batting: SHB Carlton De Stefano 0-0: Called Strike
0-1: Foul Ball, location: 2F
0-2: Ball
1-2: Strikes out swinging
Batting: RHB Alexis Prieto 0-0: Ball
1-0: SOLO HOME RUN (Flyball, 7D, EV 92.5 MPH), Distance : 338 ft
Batting: RHB Jake Gabri 0-0: Called Strike
0-1: Ball
1-1: Reached on error, E5 (Groundball, 56, EV 87.5 MPH)
Batting: RHB Gunner Jung 0-0: Ball
1-0: Ball
2-0: Swinging Strike
2-1: Ball
3-1: Base on Balls
Jake Gabri to second
Batting: SHB Terry Word 0-0: Ball
1-0: Foul Ball, location: 2F
1-1: Fielders Choice at 2nd, 5-4 (Groundball, 5, EV 92.5 MPH)
Bottom of the 5th over - 1 run, 1 hit, 1 error, 2 left on base; Stockton 1 - High Desert 5
TOP OF THE 6TH
Stockton Ports batting - Pitching for High Desert Mavericks : LHP Pacho Balderrama
Batting: RHB T.J. Nieves 0-0: Called Strike
0-1: Ball
1-1: Foul Ball, location: 2F
1-2: Ball
2-2: Strikes out looking
Batting: RHB Chip Hunt 0-0: SINGLE (Flyball, 78S, EV 93.1 MPH)
Batting: LHB Wilfri Morillo 0-0: Ball
1-0: Ball
2-0: Foul Ball, location: 2F
2-1: Ball
3-1: Called Strike
3-2: Fielders Choice at 2nd, 6-4 (Groundball, 56, EV 103.1 MPH)
Pitching: LHP Christian Stephens
Batting: RHB Mitch Szarek 0-0: Ball
1-0: Called Strike
1-1: Called Strike
1-2: Strikes out swinging
Top of the 6th over - 0 runs, 1 hit, 0 errors, 1 left on base; Stockton 1 - High Desert 5
BOTTOM OF THE 6TH
High Desert Mavericks batting - Pitching for Stockton Ports : LHP Nereus Flores
Pitching: RHP David Garcia
Batting: RHB Collin Richardson 0-0: Foul Ball, location: 2F
0-1: Called Strike
0-2: Ball
1-2: Ball
2-2: Ball
3-2: Foul Ball, location: 2F
3-2: Base on Balls
Batting: RHB Kris DiGiovanni 0-0: Fly out, F6 (Flyball, 56D, EV 78.1 MPH)
Batting: RHB Dan Vasques 0-0: Called Strike
0-1: Ball
1-1: Swinging Strike
1-2: Ball
2-2: Ball
3-2: Ground out U3 (Groundball, 3, EV 100.6 MPH)
Collin Richardson to second
Batting: LHB J.F. Brown 0-0: Ground out U3 (Groundball, 3L, EV 110.6 MPH)
Bottom of the 6th over - 0 runs, 0 hits, 0 errors, 1 left on base; Stockton 1 - High Desert 5
TOP OF THE 7TH
Stockton Ports batting - Pitching for High Desert Mavericks : LHP Christian Stephens
Batting: RHB Ruben Hamilton 0-0: Ball
1-0: Called Strike
1-1: Swinging Strike
1-2: Ball
2-2: Ball
3-2: Foul Ball, location: 2F
3-2: SINGLE (Line Drive, 8LS, EV 110.6 MPH)
Batting: RHB D.J. Escobar 0-0: Foul Ball, location: 2F
0-1: Ball
1-1: Ball
2-1: Grounds into double play, 6-4-3 (Groundball, 6, EV 106.2 MPH)
Batting: RHB Kyle Pearson 0-0: Ball
1-0: Ball
2-0: Ball
3-0: Base on Balls
Batting: RHB Ramón Herrera 0-0: Foul Ball, location: 2F
0-1: Called Strike
0-2: Strikes out swinging
Top of the 7th over - 0 runs, 1 hit, 0 errors, 1 left on base; Stockton 1 - High Desert 5
BOTTOM OF THE 7TH
High Desert Mavericks batting - Pitching for Stockton Ports : RHP David Garcia
Batting: SHB Carlton De Stefano 0-0: Foul Ball, location: 2F
0-1: Called Strike
0-2: Foul Ball, location: 2F
0-2: Strikes out swinging
Batting: RHB Alexis Prieto 0-0: Ball
1-0: Fly out, F3 (Popup, 23F, EV 86.2 MPH)
Batting: RHB Jake Gabri 0-0: Ball
1-0: Foul Ball, location: 2F
1-1: Foul Ball, location: 2F
1-2: Ball
2-2: Ball
3-2: Foul Ball, location: 2F
3-2: Foul Ball, location: 2F
3-2: Base on Balls
Pitching: RHP Steve Norman
Batting: RHB Gunner Jung 0-0: Foul Ball, location: 2F
0-1: Foul Ball, location: 2F
0-2: SINGLE (Groundball, 34S, EV 78.1 MPH) (infield hit)
Jake Gabri to second
Batting: SHB Terry Word 0-0: Ground out 5-3 (Groundball, 5S, EV 65.6 MPH)
Bottom of the 7th over - 0 runs, 1 hit, 0 errors, 2 left on base; Stockton 1 - High Desert 5
TOP OF THE 8TH
Stockton Ports batting - Pitching for High Desert Mavericks : LHP Christian Stephens
Batting: LHB Cody Patterson 0-0: Ball
1-0: Ball
2-0: Ball
3-0: Base on Balls
Batting: RHB T.J. Nieves 0-0: Ball
1-0: Called Strike
1-1: Called Strike
1-2: Foul Ball, location: 2F
1-2: Ball
2-2: Foul Ball, location: 2F
2-2: Ball
3-2: Foul Ball, location: 2F
3-2: Ground out 6-3 (Groundball, 56, EV 106.9 MPH)
Cody Patterson to second
Pitching: RHP Rowan Amos
Batting: RHB Chip Hunt 0-0: Ball
1-0: Ball
2-0: Called Strike
2-1: Swinging Strike
2-2: Ball
3-2: Foul Ball, location: 2F
3-2: Foul Ball, location: 2F
3-2: Single, Error in OF, E9, batter to second base (Line Drive, 89M, EV 95.0 MPH)
Cody Patterson scores
Batting: LHB Wilfri Morillo 0-0: Called Strike
0-1: Foul Ball, location: 2F
0-2: Foul Ball, location: 2F
0-2: Foul Ball, location: 2F
0-2: Ball
1-2: Ball
2-2: Foul Ball, location: 2F
2-2: 2-RUN HOME RUN (Flyball, 9D, EV 95.0 MPH), Distance : 344 ft
Batting: RHB Mitch Szarek 0-0: Called Strike
0-1: Ball
1-1: Foul Ball, location: 2F
1-2: Ball
2-2: Fly out, F1 (Line Drive, P, EV 61.9 MPH)
Pinch Hitting: LHB Will Hendrix 0-0: Called Strike
0-1: Ball
1-1: Ball
2-1: DOUBLE (Groundball, 3L, EV 102.5 MPH)
Pinch Hitting: LHB John Cotton 0-0: Ball
1-0: Swinging Strike
1-1: Swinging Strike
1-2: Foul Ball, location: 2F
1-2: Strikes out looking
Top of the 8th over - 3 runs, 3 hits, 1 error, 1 left on base; Stockton 4 - High Desert 5
BOTTOM OF THE 8TH
High Desert Mavericks batting - Pitching for Stockton Ports : RHP Steve Norman
Now at 3B: T.J. Nieves
Now at SS: Luke Jones
Now in LF: Will Hendrix
Now in RF: Chip Hunt
Batting: RHB Collin Richardson 0-0: Ball
1-0: Fly out, F6 (Popup, 6M, EV 69.4 MPH)
Batting: RHB Kris DiGiovanni 0-0: Ball
1-0: Foul Ball, location: 2F
1-1: Ball
2-1: Foul Ball, location: 2F
2-2: SINGLE (Flyball, 34D, EV 91.9 MPH)
Batting: RHB Dan Vasques 0-0: Ball
1-0: SINGLE (Groundball, 56, EV 93.8 MPH)
Kris DiGiovanni to second
Pinch Runner at 2nd P.J. Rodgers:
Batting: LHB J.F. Brown 0-0: Called Strike
0-1: Called Strike
0-2: Fielders Choice at 2nd, 6-4 (Groundball, 6, EV 100.0 MPH)
P.J. Rodgers to third
Batting: SHB Carlton De Stefano 0-0: Ball
1-0: Ball
2-0: Ball
3-0: Base on Balls
J.F. Brown to second
Batting: RHB Alexis Prieto 0-0: Ball
1-0: Swinging Strike
1-1: SINGLE (Groundball, 6MD, EV 106.9 MPH)
P.J. Rodgers scores
J.F. Brown to third
Carlton De Stefano to second
Runner from 3rd tries for Home, SAFE, throw by CF to home
Batting: RHB Jake Gabri 0-0: Called Strike
0-1: Called Strike
0-2: Ball
1-2: Ball
2-2: Fielders Choice at 2nd, 5-4 (Groundball, 5L, EV 83.1 MPH)
Bottom of the 8th over - 2 runs, 3 hits, 0 errors, 2 left on base; Stockton 4 - High Desert 7
TOP OF THE 9TH
Stockton Ports batting - Pitching for High Desert Mavericks : RHP Rowan Amos
Pitching: RHP Iván Capistrano
Now at SS: P.J. Rodgers
Batting: RHB Kyle Pearson 0-0: Ball
1-0: Ball
2-0: Ball
3-0: Base on Balls
Batting: RHB Ramón Herrera 0-0: Called Strike
0-1: Ball
1-1: SINGLE (Line Drive, 78M, EV 111.2 MPH)
Kyle Pearson to second
Batting: LHB Cody Patterson 0-0: Called Strike
0-1: Ball
1-1: Ball
2-1: Ball
3-1: Base on Balls
Kyle Pearson to third
Ramón Herrera to second
Batting: RHB T.J. Nieves 0-0: Foul Ball, location: 2F
0-1: Ball
1-1: Foul Ball, location: 2F
1-2: Ball
2-2: Foul Ball, location: 2F
2-2: Strikes out looking
Batting: RHB Chip Hunt 0-0: Foul Ball, location: 2F
0-1: Ball
1-1: Ball
2-1: Foul Ball, location: 2F
2-2: Foul Ball, location: 2F
2-2: Foul Ball, location: 2F
2-2: Ball
3-2: Base on Balls
Kyle Pearson scores
Ramón Herrera to third
Cody Patterson to second
Batting: LHB Wilfri Morillo 0-0: Called Strike
0-1: Swinging Strike
0-2: Strikes out swinging
Batting: RHB Mitch Szarek 0-0: Ball
1-0: Called Strike
1-1: Called Strike
1-2: Ball
2-2: Ground out 4-3 (Groundball, 4S, EV 83.1 MPH)
Top of the 9th over - 1 run, 1 hit, 0 errors, 3 left on base; Stockton 5 - High Desert 7
Thursday, May 23rd , 2024 - OOTP Baseball 25.4 Build 64